[Event "Titled Tuesday Blitz November 9 2021"]
[White "Hasangatin, Ramil"]
[Black "Kobalia, Mikhail"]
[WhiteFideId "4122160"]
[BlackFideId "4119150"]
[WhiteElo "2375"]
[BlackElo "2543"]
[Result "0-1"]
[Round "11"]
[TimeControl "180+1"]
[Date "2021.11.09"]
[WhiteClock "0:00:19"]
[BlackClock "0:00:15"]

1. e4 c5 2. Nf3 e6 3. g3 Nf6 4. d3 d5 5. Qe2 Be7 6. Bg2 Nc6 7. O-O O-O 8. e5 Nd7 9. c4 Qc7 10. Re1 d4 11. Bf4 a6 12. h4 b5 13. Nbd2 Rb8 14. b3 Bb7 15. Ne4 bxc4 16. bxc4 Qa5 17. h5 h6 18. Nh2 Ncxe5 19. Nxc5 Qxc5 20. Bxe5 Nxe5 21. Qxe5 Bxg2 22. Qxc5 Bxc5 23. Kxg2 Rb2 24. Nf3 a5 25. Ne5 Rc8 26. Nd7 Bb4 27. Reb1 Rd2 28. Rd1 Rxd1 29. Rxd1 Rc7 30. Nb6 Rb7 31. Na4 Ba3 32. c5 Kf8 33. Rd2 Ke7 34. Rc2 Rb4 35. c6 Kd8 36. Nc5 Kc8 37. Nd7 Rb5 38. Rc4 e5 39. g4 Kc7 40. Kf3 f6 41. Ke4 Rb2 42. f4 exf4 43. Kxf4 Rxa2 44. Nf8 Bxf8 0-1


[Site "https://www.chess.com"]

[Event "Titled Tuesday Blitz November 9 2021"]
[White "Holt, Conrad"]
[Black "Piesik, Piotr"]
[WhiteFideId "2034387"]
[BlackFideId "1136194"]
[WhiteElo "2586"]
[BlackElo "2336"]
[Result "1-0"]
[Round "11"]
[TimeControl "180+1"]
[Date "2021.11.09"]
[WhiteClock "0:02:27"]
[BlackClock "0:02:15"]

1. d4 c5 2. d5 e5 3. c4 d6 4. e4 Be7 5. Nf3 Bg4 6. Nbd2 Bg5 7. Qa4+ Bd7 8. Qb3 Bxd2+ 9. Nxd2 Na6 10. Be2 Nf6 11. O-O Qb6 12. Qg3 O-O 13. b3 Qd8 14. Bb2 Qe7 15. f4 exf4 16. Rxf4 Ne8 17. Raf1 f6 18. Bh5 Kh8 19. Rh4 f5 20. Bg6 1-0


[Site "https://www.chess.com"]

[Event "Titled Tuesday Blitz November 9 2021"]
[White "Janaszak, Dawid"]
[Black "Gaehwiler, Gabriel"]
[WhiteFideId "1119206"]
[BlackFideId "1314530"]
[WhiteElo "2215"]
[BlackElo "2320"]
[Result "0-1"]
[Round "11"]
[TimeControl "180+1"]
[Date "2021.11.09"]
[WhiteClock "0:00:03"]
[BlackClock "0:00:17"]

1. e4 c5 2. Nc3 d6 3. f4 g6 4. Nf3 Bg7 5. Bc4 Nc6 6. O-O Nf6 7. d3 Na5 8. e5 dxe5 9. fxe5 Ng4 10. Bb5+ Bd7 11. Bf4 a6 12. Bxd7+ Qxd7 13. Qe1 Nc6 14. h3 Ngxe5 15. Nxe5 Qd4+ 16. Kh1 Bxe5 17. Be3 Qd7 18. Bxc5 O-O 19. Qh4 Bg7 20. Rae1 Rae8 21. Ne4 Qd5 22. Ba3 b5 23. b3 Qd4 24. Bc5 Qd5 25. Ba3 a5 26. Ng5 h6 27. Ne4 f5 28. Nd2 Qd4 29. Qg3 Qf6 30. Nf3 Rf7 31. Bc1 e5 32. Bb2 Qd6 33. d4 f4 34. dxe5 Qe6 35. Qf2 g5 36. Nd4 Nxd4 37. Qxd4 Kh7 38. Qd3+ Qg6 39. Qxg6+ Kxg6 40. e6 Rfe7 41. Bxg7 Kxg7 42. Re5 Rxe6 43. Rxb5 Re2 44. Rxa5 Rxc2 45. Ra7+ Kg6 46. Ra6+ Kh5 47. Rg1 Ree2 48. g4+ fxg3 49. Rxg3 Re1+ 50. Rg1 Ree2 51. Rg3 Kh4 52. Ra3 Kxg3 0-1


[Site "https://www.chess.com"]

[Event "Titled Tuesday Blitz November 9 2021"]
[White "Jary, Sergey"]
[Black "Harshavardhan G B"]
[WhiteFideId "14110350"]
[BlackFideId "25059009"]
[WhiteElo "2260"]
[BlackElo "1825"]
[Result "0-1"]
[Round "11"]
[TimeControl "180+1"]
[Date "2021.11.09"]
[WhiteClock "0:00:18"]
[BlackClock "0:01:09"]

1. e4 e5 2. Nf3 Nc6 3. d4 exd4 4. Bc4 Bc5 5. c3 Nf6 6. cxd4 Bb4+ 7. Bd2 Bxd2+ 8. Nbxd2 d5 9. exd5 Nxd5 10. O-O O-O 11. Qb3 Nb6 12. Rac1 Nxd4 13. Nxd4 Qxd4 14. Nf3 Qf6 15. a4 c6 16. Bd3 Be6 17. Qc2 h6 18. a5 Nd5 19. a6 bxa6 20. Qxc6 Nb4 21. Qe4 Nxd3 22. Qxd3 Qxb2 23. Qxa6 Qb6 24. Qxb6 axb6 25. Rb1 Rab8 26. Rfc1 Rfc8 27. Rxc8+ Bxc8 28. Nd4 Bd7 29. f4 b5 30. Rb4 Kf8 31. Kf2 Ke7 32. Ke3 Kd6 33. Nb3 Be6 34. Rd4+ Kc7 35. Nc5 Kc6 36. Na6 Re8 37. Nb4+ Kc7 38. Kd2 Bc4 39. Nd5+ Bxd5 40. Rxd5 Rd8 41. Rxd8 Kxd8 42. Kc3 Kc7 43. Kb4 Kb6 44. f5 g5 45. f6 g4 46. h4 g3 47. h5 Kc6 48. Kc3 Kc5 49. Kb3 b4 50. Kb2 Kc4 51. Kc2 b3+ 52. Kb2 Kb4 53. Kb1 Kc3 54. Kc1 Kd3 55. Kb2 Kc4 56. Kb1 Kb4 57. Kb2 Kc5 58. Kxb3 Kd4 59. Kb4 Ke3 60. Kc5 Kf2 61. Kd6 Kxg2 62. Ke7 Kh3 63. Kxf7 g2 64. Kg6 g1=Q+ 65. Kxh6 Qg8 66. f7 Qxf7 67. Kg5 Qh7 68. h6 Kg3 69. Kh5 Kf4 0-1


[Site "https://www.chess.com"]

[Event "Titled Tuesday Blitz November 9 2021"]
[White "Kollars, Dmitrij"]
[Black "Martinez Alcantara, Jose Eduardo"]
[WhiteFideId "12909572"]
[BlackFideId "3805662"]
[WhiteElo "2584"]
[BlackElo "2690"]
[Result "1-0"]
[Round "11"]
[TimeControl "180+1"]
[Date "2021.11.09"]
[WhiteClock "0:00:13"]
[BlackClock "0:00:06"]

1. e4 c5 2. Nf3 d6 3. d4 cxd4 4. Nxd4 Nf6 5. Nc3 a6 6. Be3 e5 7. Nf3 Be7 8. Bc4 O-O 9. O-O Qc7 10. Nd5 Nxd5 11. Bxd5 Nd7 12. c4 Nf6 13. Rc1 Bd7 14. Qd3 Nxd5 15. cxd5 Qd8 16. Nd2 b5 17. Rc2 f5 18. f3 Rc8 19. Rfc1 Rxc2 20. Qxc2 Bg5 21. Qd3 h5 22. b4 h4 23. h3 g6 24. a3 Kg7 25. Rc2 Rf7 26. Qe2 Kh7 27. Qf2 Bf6 28. Bb6 Qf8 29. Rc7 Qh6 30. Be3 Bg5 31. Bxg5 Qxg5 32. Ra7 Be8 33. Ra8 Re7 34. exf5 gxf5 35. f4 exf4 36. Nf3 Qg3 37. Rxa6 Bh5 38. Rxd6 Bxf3 39. Qxg3 hxg3 40. gxf3 Re1+ 41. Kg2 Re2+ 42. Kg1 Re3 43. Rf6 Rxa3 44. Rxf5 Rxf3 45. d6 Kg6 46. d7 Kxf5 47. d8=Q Re3 48. Qd5+ Kf6 49. Qxb5 f3 50. Qb6+ Re6 51. Qd4+ Re5 52. Qf4+ Ke6 53. Qxf3 Re3 54. Qxe3+ 1-0


[Site "https://www.chess.com"]

[Event "Titled Tuesday Blitz November 9 2021"]
[White "Korchmar, Vasiliy"]
[Black "Djordjevic, Vuk"]
[WhiteFideId "24131750"]
[BlackFideId "902098"]
[WhiteElo "2370"]
[BlackElo "2463"]
[Result "0-1"]
[Round "11"]
[TimeControl "180+1"]
[Date "2021.11.09"]
[WhiteClock "0:00:02"]
[BlackClock "0:00:45"]

1. e4 e6 2. d4 d5 3. exd5 exd5 4. Nf3 Bd6 5. c4 Bg4 6. c5 Be7 7. h3 Bh5 8. Qb3 b6 9. Ne5 c6 10. Nc3 Nf6 11. g4 Bg6 12. h4 bxc5 13. dxc5 Bxc5 14. Qb7 Nfd7 15. Nxd7 Qxd7 16. Qxa8 O-O 17. h5 Re8+ 18. Be2 Bd3 19. Kf1 Bxe2+ 20. Nxe2 Qxg4 21. Ng3 Qd7 22. Be3 Bxe3 23. fxe3 Na6 24. Qxe8+ Qxe8 25. Kf2 Qe5 26. h6 Nc5 27. hxg7 Qxb2+ 28. Kf3 Qf6+ 29. Kg2 Qg5 30. Rab1 Ne4 31. Rb8+ Kxg7 32. Rh3 h5 33. Kh2 Qe5 0-1


[Site "https://www.chess.com"]

[Event "Titled Tuesday Blitz November 9 2021"]
[White "Lazavik, Denis"]
[Black "Jobava, Baadur"]
[WhiteFideId "13515110"]
[BlackFideId "13601520"]
[WhiteElo "2436"]
[BlackElo "2731"]
[Result "0-1"]
[Round "11"]
[TimeControl "180+1"]
[Date "2021.11.09"]
[WhiteClock "0:00:05"]
[BlackClock "0:00:13"]

1. d4 d5 2. c4 c6 3. Nf3 Nf6 4. e3 Bf5 5. Nc3 e6 6. Nh4 g6 7. f3 h5 8. g3 Nbd7 9. Bg2 Nb6 10. O-O Nxc4 11. Qe2 Qb6 12. e4 Qxd4+ 13. Kh1 dxe4 14. Bg5 Be7 15. Rad1 Qc5 16. Nxf5 exf3 17. Ng7+ Kf8 18. Nxe6+ fxe6 19. Rxf3 Qxg5 20. Qxc4 Kg7 21. Qxe6 Rae8 22. Rdf1 h4 23. gxh4 Qxh4 24. Rh3 Qb4 25. Rxh8 Rxh8 26. a3 Qd6 27. Qxd6 Bxd6 28. h3 Be5 29. Na4 Nh5 30. Rd1 Ng3+ 31. Kg1 Ne2+ 32. Kf1 Nd4 33. Nc5 Rf8+ 34. Kg1 Ne2+ 35. Kh1 Rf7 36. b4 Ng3+ 37. Kg1 Ne2+ 38. Kh1 Nf4 39. Bf1 b6 40. Ne4 Nd5 41. Bc4 Ne3 42. Bxf7 Nxd1 43. Be8 Bb2 44. Bxc6 Bxa3 45. b5 Ne3 46. Kg1 Nf5 47. Kf2 Bc5+ 48. Ke2 Be7 49. Kd3 Kh6 50. Be8 Kh5 51. Kc4 Ne3+ 52. Kd3 Nd5 53. Kc4 Nf4 54. Bd7 Kh4 55. Nf2 Bc5 56. Ne4 Be3 57. Nc3 g5 58. Nd5 Bc5 59. Nxf4 gxf4 60. Kd3 f3 61. Bc6 Kg3 62. h4 f2 63. Ke2 Kxh4 64. Kf1 Kg5 65. Bb7 Kf6 66. Ba6 Ke5 67. Kg2 Kd4 68. Kf1 Kc3 69. Bb7 Kd3 70. Ba6 Kc4 71. Kg2 Kb4 72. Kf1 Kc4 73. Kg2 Kd3 74. Kf1 Ke3 75. Bb7 a5 76. bxa6 b5 77. Bd5 b4 78. Bf7 Kd2 79. Kg2 Ke1 80. Bc4 b3 0-1


[Site "https://www.chess.com"]

[Event "Titled Tuesday Blitz November 9 2021"]
[White "Maghsoodloo, Parham"]
[Black "Artemenko, Oleg"]
[WhiteFideId "12539929"]
[BlackFideId "14201798"]
[WhiteElo "2601"]
[BlackElo "2287"]
[Result "1-0"]
[Round "11"]
[TimeControl "180+1"]
[Date "2021.11.09"]
[WhiteClock "0:00:02"]
[BlackClock "0:00:05"]

1. e4 e6 2. d4 d5 3. Nc3 Nf6 4. e5 Nfd7 5. f4 c5 6. Nf3 Nc6 7. Be3 Qb6 8. a3 cxd4 9. Nxd4 Nxd4 10. Bxd4 Bc5 11. Nb5 O-O 12. b4 Bxd4 13. Qxd4 Qxd4 14. Nxd4 Nb6 15. Kd2 Bd7 16. Bd3 Rac8 17. g4 Nc4+ 18. Bxc4 Rxc4 19. c3 Rfc8 20. Rac1 Ba4 21. h4 Kf8 22. h5 Ke7 23. f5 Be8 24. Rhf1 a5 25. f6+ gxf6 26. Rxf6 axb4 27. axb4 Ra8 28. g5 Ra2+ 29. Rc2 Ra1 30. g6 hxg6 31. hxg6 Rg1 32. gxf7 Bxf7 33. Ke3 Rg3+ 34. Rf3 Rg4 35. Kd2 Bg6 36. Rc1 Rg2+ 37. Ke3 Rg4 38. Rf6 Re4+ 39. Kd2 Bf5 40. Rg1 Rg4 41. Rxg4 Bxg4 42. Rg6 Bf5 43. Rg7+ Kd8 44. Rxb7 Bg4 45. b5 Kc8 46. Rg7 Bh3 47. b6 Kb8 48. Nb5 Rc6 49. b7 d4 50. cxd4 Rc4 51. Rg8+ 1-0


[Site "https://www.chess.com"]

[Event "Titled Tuesday Blitz November 9 2021"]
[White "Maksimovic, Bojan"]
[Black "Shimelkov, Vasiliy"]
[WhiteFideId "14408120"]
[BlackFideId "13701630"]
[WhiteElo "2439"]
[BlackElo "2073"]
[Result "1/2-1/2"]
[Round "11"]
[TimeControl "180+1"]
[Date "2021.11.09"]
[WhiteClock "0:00:15"]
[BlackClock "0:00:04"]

1. Nf3 d5 2. e3 Nf6 3. c4 e6 4. b3 Be7 5. Bb2 c5 6. cxd5 exd5 7. d4 O-O 8. Be2 b6 9. O-O Bb7 10. Nc3 Nbd7 11. Rc1 Rc8 12. Qd3 a6 13. Rfd1 Rc7 14. Qb1 Qa8 15. Na4 Rfc8 16. Ne5 Qa7 17. Nxd7 Nxd7 18. Bg4 Bc6 19. Nc3 Rd8 20. dxc5 Nxc5 21. Bf3 Qb7 22. Ne2 Ne4 23. Nd4 Bd7 24. Rxc7 Qxc7 25. Bxe4 dxe4 26. Qxe4 Bf6 27. h3 b5 28. Rc1 Qd6 29. Ba1 h6 30. Rd1 Qc7 31. Qb1 a5 32. Qc1 Qb6 33. Nf3 Bxa1 34. Qxa1 Be6 35. Nd4 a4 36. bxa4 bxa4 37. Nxe6 fxe6 38. Rb1 Qc6 39. Qb2 Qc5 40. g3 Qd5 41. h4 Rc8 42. Qe2 Qe4 43. Rd1 Rc2 44. Qd3 Qxd3 45. Rxd3 Rxa2 46. Rd7 e5 47. Ra7 e4 48. Kg2 a3 49. Ra4 Ra1 50. Rxe4 Kf8 51. Ra4 Ke7 52. h5 Kd6 53. Kf3 Kc5 54. Kg4 Kb5 55. Ra7 Kb4 56. Rxg7 a2 57. Ra7 Kb3 58. e4 Re1 59. Kf5 a1=Q 60. Rxa1 Rxa1 61. f4 Kc4 62. e5 Kd5 63. g4 Ra8 64. g5 hxg5 65. fxg5 Rf8+ 66. Kg6 Kxe5 67. Kg7 Rf1 68. g6 Kf5 69. h6 Rg1 70. h7 Rxg6+ 71. Kf7 Rh6 72. Kg7 Rxh7+ 73. Kxh7 1/2-1/2


[Site "https://www.chess.com"]

[Event "Titled Tuesday Blitz November 9 2021"]
[White "Maly, Alexey"]
[Black "Yeletsky, Ivan"]
[WhiteFideId "14103184"]
[BlackFideId "24180327"]
[WhiteElo "2294"]
[BlackElo "2352"]
[Result "1/2-1/2"]
[Round "11"]
[TimeControl "180+1"]
[Date "2021.11.09"]
[WhiteClock "0:00:55"]
[BlackClock "0:00:04"]

1. d4 d6 2. c4 Nf6 3. Nc3 Bf5 4. Nf3 g6 5. g3 Ne4 6. Nxe4 Bxe4 7. Bg2 Bg7 8. O-O O-O 9. b3 c5 10. Bb2 Nc6 11. e3 d5 12. cxd5 Qxd5 13. Rc1 cxd4 14. exd4 Rfd8 15. Re1 Rac8 16. Qe2 f5 17. Ng5 Bxg2 18. Rc5 Nxd4 19. Bxd4 Rxc5 20. Bxc5 e5 21. Be3 Bh6 22. h4 Bxg5 23. Bxg5 Re8 24. Rd1 Qe4 25. Qxe4 Bxe4 26. Rd7 Bc6 27. Rc7 Re6 28. Bh6 Rd6 29. Rg7+ Kh8 30. f4 e4 31. Rf7 Rd8 32. Kf2 a6 33. Ke2 Bb5+ 34. Kf2 Bc6 35. Ke2 Bd5 36. Rc7 Re8 37. Ke3 Bc6 38. Ke2 Rd8 39. Rf7 1/2-1/2


[Site "https://www.chess.com"]

[Event "Titled Tuesday Blitz November 9 2021"]
[White "Mammadov, Zaur"]
[Black "Tari, Aryan"]
[WhiteFideId "13401033"]
[BlackFideId "1510045"]
[WhiteElo "2417"]
[BlackElo "2656"]
[Result "0-1"]
[Round "11"]
[TimeControl "180+1"]
[Date "2021.11.09"]
[WhiteClock "0:00:07"]
[BlackClock "0:00:15"]

1. e4 c6 2. Nc3 d5 3. Nf3 dxe4 4. Nxe4 Nf6 5. Qe2 Nxe4 6. Qxe4 Nd7 7. Bc4 Nf6 8. Ne5 e6 9. Qe2 b5 10. Bb3 Bd6 11. O-O O-O 12. d4 Qc7 13. c3 c5 14. Bf4 cxd4 15. cxd4 Bb7 16. Rac1 Qb6 17. Rfd1 Rac8 18. Rxc8 Rxc8 19. Bg5 Nd5 20. Bc2 Rxc2 21. Qxc2 f6 22. Nd7 Qc6 23. Nc5 fxg5 24. Qe4 Nf4 25. Qxc6 Bxc6 26. Nxe6 Bd5 27. Nxf4 gxf4 28. Rc1 Kf7 29. b3 a5 30. Rc8 a4 31. Rd8 Ke7 32. Rh8 axb3 33. axb3 h6 34. b4 Bxb4 35. Rb8 Bc4 36. Rb7+ Kf6 37. d5 Bd6 38. g3 g5 39. h4 b4 40. hxg5+ hxg5 41. gxf4 gxf4 42. Rb6 Ke5 43. Kg2 Bxd5+ 44. Kh3 b3 45. Kg4 Bc5 46. Rb5 Bxf2 0-1


[Site "https://www.chess.com"]

[Event "Titled Tuesday Blitz November 9 2021"]
[White "Manafov, Vugar"]
[Black "Siva Mahadevan"]
[WhiteFideId "13410814"]
[BlackFideId "25043153"]
[WhiteElo "2277"]
[BlackElo "2203"]
[Result "1-0"]
[Round "11"]
[TimeControl "180+1"]
[Date "2021.11.09"]
[WhiteClock "0:00:05"]
[BlackClock "0:00:05"]

1. d4 Nf6 2. c4 g6 3. Nc3 d5 4. cxd5 Nxd5 5. e4 Nxc3 6. bxc3 Bg7 7. Be3 O-O 8. Bc4 c5 9. Ne2 Nc6 10. O-O Bg4 11. f3 Bd7 12. Rc1 Qa5 13. Kh1 Rac8 14. Bb3 Rfd8 15. d5 Ne5 16. c4 b5 17. Bd2 Qa6 18. Bc3 e6 19. f4 Nxc4 20. Bxc4 bxc4 21. Bxg7 Kxg7 22. Nc3 exd5 23. Nxd5 Be6 24. f5 Bxd5 25. exd5 Qd6 26. Qd2 Qxd5 27. f6+ Kh8 28. Qh6 Rg8 29. Rc3 Qh5 30. Qc1 Rce8 31. Rxc4 Re5 32. Ra4 Rge8 33. Rxa7 Re2 34. a4 Qg4 35. Rg1 Qe6 36. Qc3 c4 37. a5 Re3 38. Qd4 Re4 39. Qc3 Qd5 40. a6 Re3 41. Qa1 c3 42. Rc7 Qe5 43. a7 Qxc7 44. a8=Q h5 45. Q8a5 Qf4 46. Rf1 Qc4 47. Qg5 Kh7 48. Qd1 Re2 49. Qdd5 Qxd5 50. Qxd5 R8e6 51. Kg1 c2 52. Qc4 Rd2 53. h4 Kg8 54. Qc8+ Kh7 55. Qc4 Kg8 56. Kh2 Ree2 57. Qc8+ Kh7 58. Qb7 Kh6 59. Qxf7 Rxg2+ 60. Kh3 Rh2+ 61. Kg3 Rdg2+ 62. Kf3 Rf2+ 63. Rxf2 Rxf2+ 64. Kxf2 1-0


[Site "https://www.chess.com"]

[Event "Titled Tuesday Blitz November 9 2021"]
[White "Markidis, Konstantinos"]
[Black "Gelman, Alexander"]
[WhiteFideId "4203500"]
[BlackFideId "4118316"]
[WhiteElo "2304"]
[BlackElo "2375"]
[Result "1/2-1/2"]
[Round "11"]
[TimeControl "180+1"]
[Date "2021.11.09"]
[WhiteClock "0:00:07"]
[BlackClock "0:00:06"]

1. e4 c5 2. Nf3 e6 3. g3 Nc6 4. Bg2 Nf6 5. Nc3 d6 6. O-O Be7 7. d4 cxd4 8. Nxd4 Bd7 9. Nce2 O-O 10. c4 a6 11. b3 b5 12. cxb5 Nxd4 13. Nxd4 axb5 14. Be3 Qa5 15. h3 Rfc8 16. Re1 b4 17. Nc2 Rab8 18. Bd4 e5 19. Bb2 Bc6 20. Ne3 Qa8 21. Nf5 Bf8 22. Qe2 g6 23. Nh4 Bh6 24. Bc1 Bb5 25. Qb2 Bxc1 26. Raxc1 Rxc1 27. Rxc1 Bc6 28. f3 Bb5 29. f4 Rc8 30. Rxc8+ Qxc8 31. fxe5 dxe5 32. Qxe5 Qa6 33. Nf3 Nd7 34. Qe8+ Kg7 35. Ng5 Qf6 36. h4 h6 37. Nf3 Qb6+ 38. Kh2 Nf6 39. Qe5 Kh7 40. Qf4 Be2 41. e5 Nh5 42. Qxf7+ Ng7 43. Nd2 Qd4 44. Nc4 Bxc4 45. Qxc4 Qxe5 46. Qxb4 Nf5 47. Qf4 Qe2 48. a4 Ne3 49. Qf3 Ng4+ 50. Kh3 Nf2+ 51. Kh2 Ng4+ 52. Kh3 Nf2+ 53. Kh2 Ng4+ 1/2-1/2


[Site "https://www.chess.com"]

[Event "Titled Tuesday Blitz November 9 2021"]
[White "Matinian, Nikita"]
[Black "Llorente Zaro, Alfonso"]
[WhiteFideId "24129100"]
[BlackFideId "2254131"]
[WhiteElo "2422"]
[BlackElo "2480"]
[Result "0-1"]
[Round "11"]
[TimeControl "180+1"]
[Date "2021.11.09"]
[WhiteClock "0:00:04"]
[BlackClock "0:00:15"]

1. e4 e6 2. d4 b6 3. Nc3 Bb7 4. Bd3 Nf6 5. Nge2 c5 6. O-O d5 7. exd5 Nxd5 8. Nxd5 Qxd5 9. Bb5+ Bc6 10. Bxc6+ Nxc6 11. c4 Qd7 12. d5 exd5 13. cxd5 Ne5 14. Nc3 Bd6 15. f4 Ng6 16. f5 Ne7 17. f6 gxf6 18. Rxf6 Be5 19. Rf1 O-O-O 20. Rxf7 Rhf8 21. Rxf8 Rxf8 22. Be3 Bxc3 23. bxc3 Nxd5 24. Bh6 Rf6 25. Bd2 Qf5 26. Qe2 Re6 27. Qa6+ Kb8 28. Rf1 Qe4 29. c4 Nc7 30. Qa4 Qd4+ 31. Kh1 Qxd2 32. h3 Re1 33. Rxe1 Qxe1+ 34. Kh2 Qe5+ 35. Kh1 Kb7 36. Qd7 Qe1+ 37. Kh2 Qe5+ 38. Kh1 h5 39. g4 Qe1+ 40. Kg2 Qe2+ 41. Kg3 hxg4 42. hxg4 Qxc4 43. g5 Qc3+ 44. Kg2 Qb2+ 45. Kf3 Qxa2 46. g6 Qe6 47. Qd3 Ne8 48. Kf4 c4 49. Qc2 Qc6 50. Kg5 c3 51. Kh6 b5 52. Kh7 b4 53. Qb3 a5 54. Qf7+ Kb6 55. Qf8 c2 56. Qf2+ Kb7 57. Qf7+ Kb8 58. Qf8 c1=Q 59. g7 Q1h1+ 60. Kg8 Qcd5+ 61. Qf7 Qxf7+ 62. Kxf7 Nxg7 0-1


[Site "https://www.chess.com"]

[Event "Titled Tuesday Blitz November 9 2021"]
[White "Murzin, Volodar"]
[Black "Hansen, Eric"]
[WhiteFideId "44155573"]
[BlackFideId "2606771"]
[WhiteElo "2481"]
[BlackElo "2568"]
[Result "1-0"]
[Round "11"]
[TimeControl "180+1"]
[Date "2021.11.09"]
[WhiteClock "0:00:03"]
[BlackClock "0:00:02"]

1. e4 c5 2. Nf3 e6 3. g3 Nc6 4. Bg2 d6 5. O-O Be7 6. c3 Nf6 7. Qe2 e5 8. Rd1 Qb6 9. h3 O-O 10. Na3 Re8 11. d3 h6 12. Be3 Bf8 13. b4 Qa6 14. Qb2 cxb4 15. cxb4 d5 16. Nc2 Qa4 17. b5 dxe4 18. dxe4 Nb4 19. Nce1 Be6 20. a3 Na2 21. Rd3 Nxe4 22. Rxa2 Bxa2 23. Qxa2 Qxb5 24. Rb3 Qc4 25. Qb1 Nd6 26. Nd2 Qe6 27. Nd3 Rad8 28. Nc5 Qc8 29. Nxb7 Nxb7 30. Rxb7 Re7 31. Rxe7 Bxe7 32. a4 Bc5 33. Bxc5 Qxc5 34. Ne4 Qd4 35. Qb5 g6 36. g4 Kg7 37. Qa6 Rd7 38. Qf6+ Kh7 39. Kh2 Rc7 40. Qa6 Kg7 41. Qf6+ Kh7 42. h4 Kg8 43. h5 gxh5 44. Qxh6 1-0


[Site "https://www.chess.com"]

[Event "Titled Tuesday Blitz November 9 2021"]
[White "Nagy, Gabor"]
[Black "Sellitti, Federico"]
[WhiteFideId "737119"]
[BlackFideId "821829"]
[WhiteElo "2534"]
[BlackElo "2622"]
[Result "1-0"]
[Round "11"]
[TimeControl "180+1"]
[Date "2021.11.09"]
[WhiteClock "0:00:58"]
[BlackClock "0:00:04"]

1. c4 c5 2. g3 g6 3. Bg2 Bg7 4. Nc3 Nc6 5. Nf3 Nf6 6. d4 cxd4 7. Nxd4 O-O 8. Nc2 d6 9. b3 Be6 10. O-O Qd7 11. Re1 Bh3 12. Bh1 a6 13. Bb2 Rac8 14. Ne3 Rfd8 15. Qd2 b5 16. Rad1 bxc4 17. Nxc4 Qa7 18. Ne3 Ne5 19. Ncd5 Nxd5 20. Nxd5 Ng4 21. e3 Nh6 22. Bxg7 Kxg7 23. Nf4 Bd7 24. Bg2 Bc6 25. e4 Ng4 26. Bh3 Ne5 27. Qb2 Bd7 28. Bg2 Bg4 29. Rd2 Kg8 30. h3 Bf3 31. Nd5 h5 32. Re3 Bxg2 33. Kxg2 h4 34. gxh4 Kg7 35. Rg3 e6 36. Ne3 Kh7 37. f4 Nd7 38. h5 Nf8 39. Ng4 e5 40. fxe5 dxe5 41. Rf2 Qe7 42. Qxe5 Qxe5 43. Nxe5 Rd4 44. Rxf7+ Kh6 45. hxg6 Rc2+ 46. Rf2 Rxf2+ 47. Kxf2 Kg7 48. Ke3 Ne6 49. Rf3 Rd1 50. Rf7+ Kg8 51. Re7 Ng5 52. Ng4 Rf1 53. h4 Nh3 54. Nh6+ Kf8 55. Ra7 1-0


[Site "https://www.chess.com"]

[Event "Titled Tuesday Blitz November 9 2021"]
[White "Nozdrachev, Leonid"]
[Black "Zubov, Alexander"]
[WhiteFideId "24113433"]
[BlackFideId "14109409"]
[WhiteElo "2124"]
[BlackElo "2685"]
[Result "0-1"]
[Round "11"]
[TimeControl "180+1"]
[Date "2021.11.09"]
[WhiteClock "0:00:01"]
[BlackClock "0:00:19"]

1. e4 c5 2. c3 Nf6 3. e5 Nd5 4. d4 cxd4 5. Nf3 e6 6. cxd4 d6 7. Bc4 Nc6 8. O-O Be7 9. Qe1 Ndb4 10. Qe2 O-O 11. a3 Nd5 12. Qe4 Bd7 13. Re1 Rc8 14. Ba2 Na5 15. exd6 Bxd6 16. Ng5 Nf6 17. Qh4 h6 18. Ne4 Nxe4 19. Qxe4 Qc7 20. Nc3 Bxh2+ 21. Kh1 Bd6 22. Qg4 f5 23. Qh4 Rf6 24. d5 Nc4 25. dxe6 Rxe6 26. Rxe6 Bxe6 27. Bxh6 gxh6 28. Qxh6 Qh7 29. Qxh7+ Kxh7 30. Re1 Bf7 31. Re2 a6 32. g3 Kg7 33. Kg2 b5 34. Bb1 Kf6 35. Nd1 Bd5+ 0-1


[Site "https://www.chess.com"]

[Event "Titled Tuesday Blitz November 9 2021"]
[White "Obregon, Andres Carlos"]
[Black "Weetik, Vjacheslav"]
[WhiteFideId "111724"]
[BlackFideId "4153472"]
[WhiteElo "2572"]
[BlackElo "2469"]
[Result "1-0"]
[Round "11"]
[TimeControl "180+1"]
[Date "2021.11.09"]
[WhiteClock "0:00:37"]
[BlackClock "0:00:02"]

1. Nf3 Nf6 2. d4 g6 3. Bf4 Bg7 4. e3 O-O 5. Be2 d6 6. h3 Nc6 7. Bh2 Nd7 8. O-O e5 9. c4 f5 10. Nc3 g5 11. Re1 g4 12. hxg4 fxg4 13. Nd2 exd4 14. exd4 Bxd4 15. Nde4 Nde5 16. Qd2 Bf5 17. Rad1 Qh4 18. Bg3 Qh5 19. Bf1 Qg6 20. b4 Bb6 21. c5 dxc5 22. b5 Nd4 23. Bxe5 Rae8 24. Nf6+ Rxf6 25. Bxf6 Rxe1 26. Rxe1 Qxf6 27. Nd5 Qf7 28. Qh6 Be6 29. Nf6+ Kh8 30. Bc4 Qg7 31. Qxg7+ Kxg7 32. Nh5+ Kf7 33. Rxe6 Nxe6 34. Nf4 Kf6 35. Nxe6 Ke5 36. Kf1 h5 37. g3 Ba5 38. Ke2 Bb4 39. a4 c6 40. bxc6 bxc6 41. Ke3 Kf5 42. Nf4 Kg5 43. Bf7 h4 44. gxh4+ Kxh4 45. Be8 c4 46. Ke2 Kg5 47. Ne6+ Kf6 48. Nd4 c5 49. Nc2 c3 50. Bb5 a5 51. Bc4 Kf5 52. Ke3 Kg5 53. Ke4 Kh4 54. Kf4 Kh3 55. Bf1+ Kh4 56. Bg2 c4 57. Ke3 Bc5+ 58. Ke2 g3 59. fxg3+ Kxg3 60. Bd5 Kf4 61. Bxc4 Ke5 62. Kd3 Bb4 63. Nxb4 axb4 64. Kc2 Kd6 65. Kb3 Kc5 66. Bd3 Kd4 67. Bc2 Kc5 68. Bh7 Kd4 69. Kxb4 1-0


[Site "https://www.chess.com"]

[Event "Titled Tuesday Blitz November 9 2021"]
[White "Ostrovskiy, Andrey"]
[Black "Goryachkina, Aleksandra"]
[WhiteFideId "14110326"]
[BlackFideId "4147103"]
[WhiteElo "2469"]
[BlackElo "2441"]
[Result "1-0"]
[Round "11"]
[TimeControl "180+1"]
[Date "2021.11.09"]
[WhiteClock "0:00:14"]
[BlackClock "0:00:01"]

1. e4 c5 2. Nf3 e6 3. d4 cxd4 4. Nxd4 a6 5. Bd3 Nf6 6. O-O d6 7. c4 Qc7 8. Nc3 b6 9. Qe2 Be7 10. b3 Bb7 11. Bb2 O-O 12. Rae1 Nc6 13. Nxc6 Bxc6 14. f4 Nd7 15. Nd5 exd5 16. exd5 Bf6 17. dxc6 Qxc6 18. Kh1 Qc5 19. Bc1 Bd4 20. Bd2 Nf6 21. b4 Qc7 22. Qf3 Rae8 23. g4 g6 24. f5 Rxe1 25. Rxe1 Re8 26. g5 Rxe1+ 27. Bxe1 Nd7 28. Qa8+ Nf8 29. f6 h6 30. h4 hxg5 31. hxg5 Qd7 32. Qf3 Qe6 33. Bd2 Qe5 34. Qe4 Ne6 35. Qxe5 dxe5 36. Be4 Kf8 37. Bb7 Nc7 38. Kg2 Ke8 39. Kf3 Kd7 40. Be3 Bxe3 41. Kxe3 Kd6 42. Bc8 a5 43. a3 axb4 44. axb4 Ne6 45. c5+ 1-0


[Site "https://www.chess.com"]

[Event "Titled Tuesday Blitz November 9 2021"]
[White "Papasimakopoulos, Alexandros"]
[Black "Salinas Herrera, Pablo"]
[WhiteFideId "4244125"]
[BlackFideId "3407128"]
[WhiteElo "2394"]
[BlackElo "2541"]
[Result "0-1"]
[Round "11"]
[TimeControl "180+1"]
[Date "2021.11.09"]
[WhiteClock "0:00:20"]
[BlackClock "0:00:05"]

1. d4 d5 2. c4 e6 3. Nc3 Nf6 4. cxd5 exd5 5. Bg5 c6 6. e3 h6 7. Bh4 Bd6 8. Bd3 O-O 9. Qc2 Re8 10. Nf3 Be6 11. O-O Nbd7 12. Rab1 a5 13. Rfe1 Qb8 14. Bg3 Bxg3 15. hxg3 Qd6 16. a3 Rec8 17. b4 axb4 18. axb4 b5 19. e4 dxe4 20. Bxe4 Nb6 21. Bf5 Bxf5 22. Qxf5 Nbd5 23. Nxd5 Nxd5 24. Ne5 Rc7 25. Nd3 Nc3 26. Ra1 Rf8 27. Qe5 Qd8 28. Qc5 Na4 29. Qe5 Rd7 30. Nc5 Rd5 31. Qe4 Nxc5 32. dxc5 Qf6 33. Ra6 Rfd8 34. Qf3 Qg6 35. g4 Kf8 36. Qe4 Rd1 37. Qe7+ Kg8 38. Ra1 Rxe1+ 39. Rxe1 Rd5 40. Qe8+ Kh7 41. Qxc6 Qxc6 0-1


[Site "https://www.chess.com"]